 Seeded DCSS version 0.30-a0-469-g84de5afbc5 (webtiles) character file.

Game seed: 10850886320106346851 (custom seed)

2 Juicyj the Sneak (level 1, 0/9 HPs)
             Began as a Spriggan Enchanter on Dec 19, 2022.
             Frozen to death by an endoplasm (3 damage)
             ... on level 1 of the Dungeon.
             The game lasted 00:00:44 (79 turns).

Juicyj the Sneak (Spriggan Enchanter)                 Turns: 79, Time: 00:00:52

Health: 0/9        AC:  2    Str:  4    XL:     1   Next: 33%
Magic:  5/5        EV: 17    Int: 16    God:
Gold:   0          SH:  0    Dex: 15    Spells: 5/5 levels left

rFire   . . .      SeeInvis +    d - +4 eveningstar of Pehuges {freeze, rPois Will++}
rCold   . . .      Faith    .    (no shield)
rNeg    . . .      Spirit   .    b - +0 robe
rPois   +          Reflect  .    (helmet restricted)
rElec   .          Harm     .    (no cloak)
rCorr   .          Rampage  .    (gloves unavailable)
Will    ++...                    (boots unavailable)
Stlth   +++.......               (no amulet)
HPRegen 0.21/turn                (no ring)
MPRegen 0.09/turn                (no ring)

@: very quick
A: very small, no large weapons, unfitting armour, see invisible, speed 3
a: no special abilities


You were on level 1 of the Dungeon.
You visited 1 branch of the dungeon, and saw 1 of its levels.

Inventory:

Hand Weapons
 a - a +1 dagger
 d - the +4 eveningstar of Pehuges (weapon) {freeze, rPois Will++}
   (You acquired it on level 1 of the Dungeon)

   It freezes those it strikes, dealing additional cold damage.
   It can also slow down cold-blooded creatures.
   rPois:     It protects you from poison.
   Will:      It greatly increases your willpower.
Armour
 b - a +0 robe (worn)
Potions
 c - 2 potions of invisibility


   Skills:
 + Level 1.1 Short Blades
 + Level 0.1 Maces & Flails
 + Level 2.7 Dodging
 + Level 4.4 Stealth
 + Level 2.8 Spellcasting
 + Level 3.6 Hexes


You had 5 spell levels left.
You didn't know any spells.
Your spell library contained the following spells:

 Spells                   Type           Power      Damage    Failure   Level
 Confusing Touch          Hex            14%        N/A       13%         3
 Tukima's Dance           Hex            14%        N/A       13%         3
 Ensorcelled Hibernation  Hex/Ice        16%        N/A       14%         2
 Dazzling Flash           Conj/Hex       16%        N/A       26%         3


Dungeon Overview and Level Annotations

Branches:
Dungeon (1/15)

Altars:


Innate Abilities, Weirdness & Mutations

You are very small and have problems with some larger weapons.
You are too small for most types of armour.
You have supernaturally acute eyesight. (SInv)
You cover ground extremely quickly. (Speed+++)


Message History

The helpless rat fails to defend itself.
You thump the rat! You freeze the rat.
You kill the rat!
No target in view!
No target in view!
You see here a rat corpse.
An endoplasm comes into view.
An endoplasm is nearby!
An endoplasm is nearby!
An endoplasm is nearby!
A rat comes into view.
Found a hand axe.
The helpless endoplasm fails to defend itself.
You impale the endoplasm!! You freeze the endoplasm.
You kill the endoplasm!
Found a stone staircase leading down.
You barely miss the rat. The rat barely misses you.
You closely miss the rat. The rat closely misses you. x2
You barely miss the rat. The rat barely misses you.
You hit the rat. You freeze the rat.
You kill the rat!
No target in view!
No target in view!
You open the door.
Found a quarterstaff.
There is an open door here.
An endoplasm comes into view.
An endoplasm is nearby!
An endoplasm is nearby!
You barely miss the endoplasm. The endoplasm freezes you.
You are frozen.
You hit the endoplasm. You freeze the endoplasm.
The endoplasm is heavily wounded.
The endoplasm freezes you.
You are frozen.
Ouch! That really hurt!
The endoplasm freezes you.
You are frozen.
You die...

....... #########
........##........
#>.......##........
#........##........
........##J.......
........##@.......
#..)..##........
#.....'..)......
#...†.##.......#
#..........#####
#.....###..#
##.#.......#
#######.#.###...#
#.....#.........#


You could see an endoplasm.

Vanquished Creatures
  An endoplasm (D:1)
  2 rats (D:1)
3 creatures vanquished.

Notes
Turn   | Place    | Note
-------+----------+-------------------------------------------
     0 | D:1      | Juicyj the Spriggan Enchanter began the quest for the Orb.
     0 | D:1      | Reached XP level 1. HP: 9/9 MP: 5/5
    32 | D:1      | Identified a scroll of acquirement
    32 | D:1      | Acquired the +4 eveningstar of Pehuges {freeze, rPois
                  | Will++}
    79 | D:1      | Frozen to death by an endoplasm

Illustrated notes

Levels and vault maps discovered:
D:1:      psy_arrival_basics, layout_basic, ebering_ecumenical_altar_rust

Action                   || total
-------------------------++-------
Melee: Eveningstar       ||     8
  Use: Scroll            ||     1
 Stab: Sleeping          ||     2
Dodge: Dodged            ||     4

Table legend: (Time is in decaauts)
 A = Elapsed time spent in this place.
 B = Non-inter-level travel time spent in this place.
 C = Inter-level travel time spent in this place.
 D = Time resting spent in this place.
 E = Time spent auto-exploring this place.
 F = Levels seen in this place.
 G = Mean time per level.
                   A        B        C        D        E       F      G
               +--------+--------+--------+--------+--------+-----+--------+
         Total |     55 |     55 |      0 |      0 |     33 |   1 |   55.0 |
       Dungeon |     55 |     55 |      0 |      0 |     33 |   1 |   55.0 |
               +--------+--------+--------+--------+--------+-----+--------+

Top non-repeatable levels by time:
     D:1: 55 daAuts
